Map: Frozen Temple

Players

llllllllllll

  • Race: Protoss Protoss
  • League: Master

Miszu - Winner!

  • Race: Terran Terran
  • League: Master

VOD

Have the link to the VOD?

Description

Time

  • Played on: April 13, 2016, 3:46 p.m.
  • Length: 8:57
Show
View Real Time Build Order
Export as new Build Order

llllllllllll Protoss 

Build Orders: 1 Gate Expand, Phoenix Opening 

Get SALT Encoding   

  12  0:02  Probe (Chrono Boost)  
  13  0:12  Probe (Chrono Boost)  
  14  0:18  Pylon  
  14  0:23  Probe (Chrono Boost)  
  15  0:36  Probe (Chrono Boost)  
  15  0:38  Gateway  
  15  0:41  Assimilator  
  17  0:50  Probe (Chrono Boost)  
  17  1:02  Probe (Chrono Boost)  
  18  1:13  Probe (Chrono Boost)  
  19  1:21  Nexus  
  19  1:30  Cybernetics Core  
  19  1:32  Probe (Chrono Boost)  
  20  1:41  Assimilator  
  20  1:45  Pylon  
  21  1:47  Probe (Chrono Boost)  
  21  1:57  Probe (Chrono Boost)  
  22  2:08  Adept (Chrono Boost)  
  24  2:10  Probe  
  25  2:22  Probe  
  26  2:32  Stargate  
  26  2:33  Adept (Chrono Boost)  
  26  2:36  Probe x2  
  29  2:40  Warp Gate  
  30  2:47  Probe  
  30  2:48  Probe  
  32  2:57  Adept (Chrono Boost), Probe  
  34  3:00  Pylon, Probe  
  36  3:08  Probe  
  36  3:12  Probe  
  38  3:15  Phoenix (Chrono Boost)  
  38  3:19  Probe  
  40  3:25  Mothership Core  
  43  3:32  Gateway, Probe  
  43  3:34  Gateway  
  44  3:39  Phoenix (Chrono Boost)  
  46  3:43  Probe  
  46  3:46  Probe  
  48  3:50  Pylon  
  48  3:53  Probe  
  49  3:58  Probe  
  49  4:01  Phoenix (Chrono Boost)  
  52  4:04  Probe  
  52  4:05  Pylon  
  53  4:10  Probe  
  42  4:27  Probe  
  42  4:28  Phoenix (Chrono Boost)  
  41  4:37  Probe  
  45  4:39  Probe  
  41  4:51  Probe  
  41  4:52  Probe  
  43  5:02  Probe  
  43  5:04  Probe  
  45  5:07  Nexus  
  45  5:10  Sentry x2  
  45  5:12  Probe  
  50  5:16  Probe  
  50  5:19  Twilight Council  
  51  5:23  Probe  
  52  5:29  Probe  
  52  5:34  Probe (Chrono Boost)  
  53  5:39  Assimilator  
  53  5:40  Assimilator  
  54  5:43  Forge  
  54  5:44  Phoenix (Chrono Boost)  
  54  5:46  Probe (Chrono Boost)  
  54  5:49  Probe (Chrono Boost)  
  58  5:50  Resonating Glaives  
  58  6:02  Probe (Chrono Boost)  
  58  6:03  Probe (Chrono Boost)  
  60  6:10  Pylon  
  60  6:13  Probe x2 (Chrono Boost)  
  60  6:18  Gateway x2  
  62  6:20  Gateway  
  62  6:22  Protoss Ground Weapons Level 1 (Chrono Boost), Pylon  
  62  6:23  Probe  
  62  6:24  Probe x2  
  65  6:37  Probe  
  65  6:38  Probe  
  65  6:39  Probe  
  68  6:41  Pylon  
  66  6:48  Probe  
  66  6:49  Probe  
  66  6:52  Probe  
  67  6:55  Adept x3  
  67  7:00  Gateway  
  67  7:01  Gateway, Probe  
  74  7:05  Gateway  
  75  7:15  Probe  
  75  7:17  Pylon  
  75  7:18  Phoenix  
  77  7:23  Adept x3  
  77  7:25  Probe  
  77  7:27  Probe x2  
  77  7:28  Sentry  
  88  7:41  Gateway  
  88  7:42  Gateway  
  88  7:43  Phoenix  
  90  7:45  Adept  
  90  7:46  Adept  
  94  7:53  Probe  
  94  7:56  Adept x3  
  101  8:00  Adept x2  
  105  8:13  Stalker x2  
  109  8:25  Stalker x5  
  98  8:37  Stalker  
  98  8:40  Stalker  
Show
View Real Time Build Order
Export as new Build Order

Miszu Terran - Winner!

Build Orders: 1/1/1, Liberator Opening, MMM Bio 

Get SALT Encoding   

  12  0:01  SCV  
  13  0:13  SCV  
  14  0:18  Supply Depot  
  14  0:25  SCV  
  15  0:38  Refinery  
  15  0:39  SCV  
  16  0:45  Barracks  
  16  0:51  SCV  
  17  1:03  SCV  
  18  1:15  SCV  
  19  1:32  Marine, Orbital Command  
  20  1:39  Factory  
  20  1:47  Supply Depot  
  20  1:50  Marine  
  21  1:57  SCV  
  22  2:08  Marine  
  23  2:10  SCV  
  23  2:11  Supply Depot  
  24  2:22  SCV  
  25  2:23  Hellion  
  25  2:24  Starport  
  25  2:27  Marine  
  28  2:34  SCV  
  28  2:35  Refinery  
  29  2:44  Supply Depot, Hellion  
  29  2:45  Marine  
  29  2:46  SCV  
  33  2:58  SCV  
  34  3:00  Medivac  
  36  3:06  Hellion  
  36  3:07  Marine  
  36  3:10  SCV  
  40  3:20  Liberator  
  40  3:22  SCV  
  40  3:25  Command Center  
  40  3:26  Barracks Reactor  
  41  3:36  SCV  
  41  3:38  Factory Tech Lab  
  45  3:43  Supply Depot  
  45  3:48  SCV  
  46  4:00  SCV  
  47  4:04  Siege Tank  
  46  4:32  SCV  
  46  4:36  Marine x2  
  47  4:42  Barracks  
  47  4:43  Barracks  
  47  4:44  Orbital Command  
  43  4:46  SCV  
  42  4:54  Marine  
  42  4:57  Cyclone  
  42  4:59  SCV  
  47  5:07  Marine  
  47  5:09  SCV  
  47  5:11  SCV  
  47  5:12  Marine  
  51  5:15  Supply Depot  
  51  5:19  Starport Reactor  
  51  5:22  SCV  
  51  5:23  SCV  
  51  5:25  Marine  
  54  5:29  Marine, Siege Tank  
  54  5:34  SCV  
  58  5:36  Barracks Tech Lab x2  
  58  5:37  SCV  
  58  5:44  Engineering Bay, Marine  
  58  5:45  Refinery  
  58  5:47  Marine, SCV  
  58  5:49  SCV  
  60  5:59  SCV  
  60  6:01  SCV  
  60  6:02  Marine x2  
  60  6:03  Combat Shields  
  60  6:04  Stimpack  
  64  6:10  Missile Turret  
  64  6:11  SCV  
  65  6:12  Terran Infantry Weapons Level 1  
  65  6:13  SCV  
  65  6:15  Marine x2  
  68  6:23  Supply Depot, SCV, Missile Turret  
  68  6:25  SCV  
  70  6:35  SCV  
  70  6:37  SCV  
  70  6:39  Marine x3  
  74  6:40  Marine  
  74  6:46  Supply Depot  
  75  6:47  SCV  
  75  6:51  SCV  
  77  6:57  Marine x4  
  77  6:58  Medivac  
  77  6:59  Siege Tank  
  86  7:04  Supply Depot  
  86  7:07  Medivac  
  88  7:08  Supply Depot  
  88  7:10  Barracks  
  88  7:11  Barracks  
  88  7:15  Marine x4  
  90  7:22  Supply Depot, SCV  
  93  7:26  Supply Depot  
  93  7:28  Medivac  
  95  7:33  Marine x3  
  95  7:34  Marine  
  99  7:37  Medivac  
  101  7:50  Marine  
  101  7:51  Marine x2  
  103  7:52  Marine  
  105  7:59  Command Center  
  105  8:01  Engineering Bay  
  105  8:02  Refinery  
  105  8:03  Barracks Reactor, Armory  
  105  8:04  Barracks Tech Lab  
  104  8:08  Marine x2  
  104  8:09  Marine  
  104  8:10  Marauder  
  106  8:22  Marine  
  106  8:26  Marine x2  
  108  8:27  Marauder  
  108  8:31  Marine  
Tags
 
Add a new tag
Caveats
  • Supply blocks, unpowered buildings, or Contaminate may cause inaccurate times.
  • Supply counts are checked every 10 seconds.